 Dungeon Crawl Stone Soup version 0.19-a0-854-gc78d25d (webtiles) character file.

734 George the Slasher (level 7, -8/49 HPs)
             Began as a High Elf Monk on July 1, 2016.
             Mangled by a mummy (12 damage)
             ... in an ossuary.
             The game lasted 00:10:41 (5735 turns).

George the Slasher (High Elf Monk)                  Turns: 5735, Time: 00:10:41

Health: -8/49      AC:  4    Str: 10    XL:     7   Next: 45%
Magic:  10/10      EV: 18    Int: 14    God:
Gold:   228        SH:  0    Dex: 20    Spells: 0 memorised, 6 levels left

rFire  . . .     SeeInvis .     a - +1 falchion
rCold  . . .     Gourm    .     b - +0 robe
rNeg   . . .     Faith    .     (no shield)
rPois  .         Spirit   .     (no helmet)
rElec  .         Dismiss  +     y - +0 cloak {+Inv}
rCorr  .         Reflect  .     (no gloves)
SustAt .         Harm     .     m - +0 pair of boots
MR     .....                    u - amulet of dismissal
Stlth  ++........               (no ring)
                                I - +3 ring of evasion

@: not resistant to hostile enchantments, unstealthy
A: no striking features
a: Evoke Invisibility


You were in an ossuary.
You were not hungry.

You visited 1 branch of the dungeon, and saw 5 of its levels.
You also visited: Ossuary.

You collected 228 gold pieces.

Inventory:

Hand Weapons
 a - a +1 falchion (weapon)
Armour
 b - a +0 robe (worn)
 m - a +0 pair of boots (worn)
 y - a +0 cloak of invisibility (worn)
Jewellery
 u - an amulet of dismissal (around neck)
 I - a +3 ring of evasion (left hand)
Wands
 G - a wand of polymorph (1/24)
 H - a wand of lightning (10/15)
Scrolls
 g - a scroll of magic mapping
 j - 2 scrolls of teleportation
 p - 4 scrolls of enchant weapon
 w - 2 scrolls of remove curse {unknown}
 z - a scroll of blinking {unknown}
 B - a scroll of enchant armour {unknown}
 F - a scroll of fog {unknown}
Potions
 d - 2 potions of curing
 k - a potion of heal wounds {unknown}
 n - 2 potions of brilliance {unknown}
 r - 2 potions of might {unknown}
 t - a potion of mutation {unknown}
 v - a potion of flight {unknown}
 D - a potion of magic {unknown}
 E - a potion of ambrosia {unknown}
Comestibles
 c - 3 bread rations
 i - 3 royal jellies
 l - a meat ration
 J - 2 fruits


   Skills:
 + Level 4.4 Fighting
 + Level 7.8 Long Blades
 + Level 4.9 Dodging
 - Level 2.1 Stealth
 + Level 3.2 Evocations


You had 6 spell levels left.
You didn't know any spells.

Dungeon Overview and Level Annotations

Branches:
Dungeon (5/15)
 Temple: D:4-7

Altars:
Trog


Message History

The mummy is severely damaged.
The mummy hits you! x2
* * * LOW HITPOINT WARNING * * *
The hobgoblin zombie closely misses you.
You riposte.
You hit the hobgoblin zombie. You hit the gnoll zombie.
The hobgoblin zombie misses you.
You hit the mummy but do no damage.
The mummy is severely damaged.
The gnoll zombie misses you.
You riposte.
You hit the gnoll zombie. The mummy hits you!
* * * LOW HITPOINT WARNING * * *
The mummy hits you.
* * * LOW HITPOINT WARNING * * *
The mummy misses you.
You riposte.
You hit the mummy.
The mummy is moderately damaged.
The hobgoblin zombie hits you.
* * * LOW HITPOINT WARNING * * *
The hobgoblin zombie barely misses you.
You riposte.
You hit the hobgoblin zombie. The mummy hits you!
You die...

...........
..........
........#
......#
#....#
#....#
#....#
#....#
#@MZ.#
#MZ..#
#.M..#
#....#
#.∩∩.#
######


You could see 3 mummies, a hobgoblin zombie and a gnoll zombie.

Vanquished Creatures
  Sigmund (D:4)
  A black bear (D:4)
  The ghost of Xiguana the Ruffian, an amateur VSMo (D:3)
  A scorpion (D:4)
  2 hounds
  A centaur skeleton (D:4)
  Crazy Yiuf (D:2)
  A worker ant (D:4)
  A mummy (Ossuary)
  8 adders
  A shadow imp (D:5)
  An adder skeleton (D:4)
  3 worms
  3 dart slugs
  5 giant geckos
  10 orcs
  10 bats
  7 giant cockroaches
  A gnoll zombie (Ossuary)
  7 goblins
  16 hobgoblins
  7 jackals
  9 kobolds
  5 quokkas
  A giant gecko skeleton (D:4)
  A hobgoblin zombie (Ossuary)
  A kobold zombie (Ossuary)
  2 orc zombies (Ossuary)
  6 rats
114 creatures vanquished.

Notes
Turn   | Place    | Note
-------+----------+-------------------------------------------
     0 | D:1      | George the High Elf Monk began the quest for the Orb.
     0 | D:1      | Reached XP level 1. HP: 16/16 MP: 2/2
    65 | D:1      | Reached skill level 4 in Long Blades
   198 | D:1      | Reached XP level 2. HP: 21/21 MP: 3/3
   689 | D:1      | Reached skill level 5 in Long Blades
   821 | D:1      | Reached XP level 3. HP: 26/26 MP: 4/4
  1876 | D:2      | Reached XP level 4. HP: 21/31 MP: 5/5
  2084 | D:2      | Reached skill level 6 in Long Blades
  2359 | D:2      | Found a runed door.
  2473 | D:2      | Noticed Crazy Yiuf
  2485 | D:2      | Killed Crazy Yiuf
  2716 | D:3      | Noticed Xiguana's ghost (amateur VSMo)
  2731 | D:3      | Killed Xiguana's ghost
  2731 | D:3      | Reached skill level 1 in Evocations
  2731 | D:3      | Reached XP level 5. HP: 18/36 MP: 6/6
  3017 | D:3      | Reached skill level 7 in Long Blades
  3622 | D:3      | Found a bloodstained altar of Trog.
  3696 | D:3      | Reached XP level 6. HP: 36/42 MP: 8/8
  4668 | D:4      | Noticed Sigmund
  4741 | D:4      | Killed Sigmund
  4741 | D:4      | Reached XP level 7. HP: 27/48 MP: 9/9
  5571 | D:5      | Entered Level 5 of the Dungeon
  5657 | D:5      | Found a sand-covered staircase.
  5663 | Ossuary  | Entered an ossuary
  5735 | Ossuary  | Mangled by a mummy

Vault maps used:
D:1:      roderic_dead_forest, minmay_hedge_maze
D:2:      kennysheep_six_static_rooms, uniq_crazy_yiuf_cottage
D:3:      lemuel_crystal_altar, first_bread
D:4:      black_bear_nest_1, serial_bayou, serial_bayou_pond_c,
          serial_bayou_pond_b, serial_bayou_pond_c, serial_bayou_lagoon_b,
          uniq_sigmund
D:5:      lightli_ossuary_entry_decrepit_ruins, serial_shops, shop
Ossuary:  ossuary_tomb_3

Skill      XL: |  1  2  3  4  5  6  7 |
---------------+----------------------+-----
Long Blades    | 4 5 6 7 |  7.8
Evocations     | 1 2 3 |  3.2
Dodging        | 4 |  4.9
Fighting       | 4 |  4.4
Stealth        | |  2.1

Action                   |  1- 3 |  4- 6 |  7- 9 || total
-------------------------+-------+-------+-------++-------
Melee: Falchion          |   157 |   299 |   127 ||   583
       Unarmed           |       |     9 |       ||     9
  Use: Potion            |     1 |       |       ||     1
       Scroll            |       |       |     6 ||     6
 Stab: Sleeping          |     8 |     8 |     1 ||    17
       Distracted        |     1 |       |       ||     1
  Eat: Chunk             |     3 |     7 |     4 ||    14
       Royal jelly       |       |     1 |       ||     1
Armor: Robe              |    16 |    27 |    11 ||    54
Dodge: Dodged            |    78 |   152 |    64 ||   294
